 Dungeon Crawl Stone Soup version 0.28-a0-1567-g1695149f81 (webtiles) character file.

Game seed: 18136499699498134046

14 southernslant the Skirmisher (level 2, 0/16 HPs)
             Began as a Vine Stalker Fighter on Jan 20, 2022.
             Slain by a jackal (1 damage)
             ... on level 1 of the Dungeon.
             The game lasted 00:01:04 (147 turns).

southernslant the Skirmisher (Vine Stalker Fighter)  Turns: 147, Time: 00:01:05

Health: 0/16       AC:  6    Str: 18    XL:     2   Next: 41%
Magic:  0/3        EV:  9    Int:  8    God:
Gold:   0          SH:  4    Dex: 13    Spells: 1/1 levels left

rFire   . . .      SeeInvis .   a - +0 trident
rCold   . . .      Faith    .   c - +0 buckler
rNeg    . . .      Spirit   +   b - +0 scale mail
rPois   .          Reflect  .   (no helmet)
rElec   .          Harm     .   (no cloak)
rCorr   .          Rampage  .   (no gloves)
Will    .....                   (no boots)
Stlth   ..........              (no amulet)
HPRegen 0.05/turn               (no ring)
MPRegen 0.08/turn               (no ring)

@: no status effects
A: fangs 2, magic shield, antimagic bite, no potion heal 2
a: no special abilities


You were on level 1 of the Dungeon.
You visited 1 branch of the dungeon, and saw 1 of its levels.

Inventory:

Hand Weapons
 a - a +0 trident (weapon)
Missiles
 f - 29 stones (quivered)
Armour
 b - a +0 scale mail (worn)
 c - a +0 buckler (worn)
Scrolls
 e - a scroll of fog {unknown}
Potions
 d - a potion of might


   Skills:
 * Level 2.9 Fighting
 * Level 2.1 Polearms
 + Level 2.5 Armour
 * Level 0.5 Dodging
 + Level 2.7 Shields


You had one spell level left.
You didn't know any spells.
Your spell library was empty.

Dungeon Overview and Level Annotations

Branches:
Dungeon (1/15)

Altars:

Shops:
D:1 :


Innate Abilities, Weirdness & Mutations

You have extremely sharp teeth.
When hurt, damage is shared between your health and your magic reserves.
Your bite disrupts and absorbs the magic of your enemies.
Potions cannot restore your health.


Message History

You hit the frilled lizard.
You kill the frilled lizard!
A goblin comes into view. It is wielding a +0 club.
The jackal bites you.
You closely miss the jackal.
The goblin shouts!
Your bite misses the jackal. You block the jackal's attack.
The jackal bites you but does no damage.
You closely miss the jackal. The jackal barely misses you.
You closely miss the jackal. You bite the jackal. You drain its power.
You feel invigorated.
The jackal is almost dead.
The jackal bites you but does no damage.
The jackal closely misses you.
You closely miss the jackal. You bite the jackal.
You kill the jackal!
The jackal bites you but does no damage.
You closely miss the jackal. The jackal misses you.
You block the jackal's attack.
You closely miss the jackal. You block the jackal's attack.
The goblin hits you with a +0 club. The goblin hits you but does no damage.
The jackal bites you but does no damage.
You closely miss the jackal. Your bite misses the jackal.
The jackal closely misses you. The goblin closely misses you.
The jackal barely misses you.
You barely miss the jackal. You bite the jackal. You drain its power.
You feel invigorated.
The jackal is moderately wounded.
The jackal bites you. The goblin misses you.
You closely miss the jackal.
The jackal is moderately wounded.
The jackal barely misses you. The goblin hits you with a +0 club.
* * * LOW HITPOINT WARNING * * *
The jackal bites you but does no damage.
The goblin hits you with a +0 club.
* * * LOW HITPOINT WARNING * * *
It was a potion of heal wounds.
That seemed strangely inert.
The jackal bites you but does no damage.
The jackal bites you.
You die...

...........#.....####....
##.#.........##..........
#.#.........##......####
....................#
...................[#
#...#..#.#.#.###.############
.........................>...
..... .. ....###g####.#######
#. #@# #.# #h# #.# #.####.#
#......## ###.l...# #h....#
#.....# #.....# ####....#


You could see a jackal and a goblin.

Vanquished Creatures
  An endoplasm (D:1)
  A goblin (D:1)
  3 hobgoblins (D:1)
  2 jackals (D:1)
  A quokka (D:1)
  A ball python (D:1)
  A frilled lizard (D:1)
  2 rats (D:1)
12 creatures vanquished.

Notes
Turn   | Place    | Note
-------+----------+-------------------------------------------
     0 | D:1      | southernslant the Vine Stalker Fighter began the quest for
                  | the Orb.
     0 | D:1      | Reached XP level 1. HP: 11/11 MP: 2/2
    97 | D:1      | Reached XP level 2. HP: 16/16 MP: 3/3
   116 | D:1      | Found Ehack's Book Shoppe.
   147 | D:1      | Slain by a jackal

Illustrated notes

Levels and vault maps discovered:
D:1:      dpeg_arrival_pond, layout_basic, serial_shops, nicolae_square_shop,
          nicolae_shop_window_shopping, nicolae_shop_bloodbath_and_beyond

Skill      XL: |  1 |
---------------+----+-----
Polearms       | 2 |  2.1
Fighting       | |  2.9
Armour         | |  2.5
Dodging        | |  0.5
Shields        | |  2.7

Action                   || total
-------------------------++-------
Melee: Trident           ||    32
       Bite              ||     4
  Use: Potion            ||     1
Armor: Scale mail        ||    12
Dodge: Dodged            ||    12
Block: Buckler           ||     6

Table legend: (Time is in decaauts)
 A = Elapsed time spent in this place.
 B = Non-inter-level travel time spent in this place.
 C = Inter-level travel time spent in this place.
 D = Time resting spent in this place.
 E = Time spent auto-exploring this place.
 F = Levels seen in this place.
 G = Mean time per level.
                   A        B        C        D        E       F      G
               +--------+--------+--------+--------+--------+-----+--------+
         Total |    154 |    154 |      0 |      0 |     83 |   1 |  154.0 |
       Dungeon |    154 |    154 |      0 |      0 |     83 |   1 |  154.0 |
               +--------+--------+--------+--------+--------+-----+--------+

Top non-repeatable levels by time:
     D:1: 154 daAuts
